 Dungeon Crawl Stone Soup version 0.31-a0-1074-g0b22e4e0f1 (webtiles) character file.

Game seed: 4685515619895814394

57 grandjackal the Trooper (level 4, -1/48 HPs)
             Began as an Ogre Warper on Nov 29, 2023.
             Succumbed to an adder's poison
             ... on level 2 of the Dungeon.
             The game lasted 00:01:40 (1334 turns).

grandjackal the Trooper (Ogre Warper)               Turns: 1334, Time: 00:01:41

Health: -1/48      AC:  4    Str: 13 (15) XL:     4   Next: 0%
Magic:  8/8        EV:  9    Int: 14 (16) God:
Gold:   29         SH:  0    Dex:  7 (8)  Spells: 7/9 levels left

rFire   . . .        q - +0 whip
rCold   . . .        (no shield)
rNeg    . . .        b - +0 robe
rPois   .            (helmet restricted)
rElec   .            i - +0 cloak
rCorr   .            (gloves unavailable)
SInv    .            (boots unavailable)
Will    .....        (no amulet)
Stlth   +            (no ring)
HPRegen 0.28/turn    (no ring)
MPRegen 0.11/turn

%: no passive effects
@: lethally poisoned (-1 -> -11)
A: large, unfitting armour, tough skin 1
a: no special abilities


You were on level 2 of the Dungeon.
You visited 1 branch of the dungeon, and saw 2 of its levels.

You collected 29 gold pieces.

Inventory:

Hand Weapons
 a - a +0 mace
 q - a +0 whip (weapon)
Missiles
 d - 7 darts of dispersal (quivered)
 p - 5 poisoned darts
Armour
 b - a +0 robe (worn)
 i - a +0 cloak (worn)
Scrolls
 c - 3 scrolls of blinking
 e - a scroll of poison {unknown}
 j - a scroll of teleportation {unknown}
 k - 2 scrolls of fog {unknown}
 l - 2 scrolls of identify {unknown}
 m - a scroll of torment {unknown}
 n - a scroll of revelation {unknown}
Potions
 g - a potion of degeneration
 h - a potion of ambrosia {unknown}
 o - a potion of curing {unknown}


   Skills:
 + Level 3.7 Fighting
 - Level 2.0 Maces & Flails
 - Level 1.0 Throwing
 - Level 2.1 Dodging
 + Level 3.2 Spellcasting
 + Level 3.2 Translocations


You had 7 spell levels left.
You knew the following spells:

 Your Spells              Type           Power      Damage    Failure   Level
a - Blink                 Tloc           22%        N/A       9%          2

Your spell library contained the following spells:

 Spells                   Type           Power      Damage    Failure   Level
 Lesser Beckoning         Tloc           22%        N/A       9%          2
 Teleport Other           Tloc           11%        N/A       17%         3
 Manifold Assault         Tloc           11%        N/A       50%         4
 Vhi's Electric Charge    Tloc/Air       12%        N/A       71%         4


Dungeon Overview and Level Annotations

Branches:
Dungeon (2/15)

Altars:


Innate Abilities, Weirdness & Mutations

You are too large for most types of armour.
You have tough skin. (AC +1)


Message History

You closely miss the adder.
The adder is lightly wounded.
You feel sick. The adder bites you but does no damage.
You hit the adder.
The adder is lightly wounded.
You feel sick. The adder bites you.
* * * LOW HITPOINT WARNING * * *
The adder bites you but does no damage.
q - a +0 whip (weapon)
You feel sick. The adder bites you but does no damage.
You miss the adder.
The adder is lightly wounded.
You feel sick. The adder barely misses you.
You closely miss the adder.
The adder is lightly wounded.
You feel sick. The adder bites you.
* * * LOW HITPOINT WARNING * * *
You are more poisoned.
The adder poisons you!
You barely miss the adder.
The adder is lightly wounded.
* * * LOW HITPOINT WARNING * * *
You feel sick.
The adder bites you but does no damage. x2
You barely miss the adder.
The adder is lightly wounded.
* * * LOW HITPOINT WARNING * * *
You feel sick. The adder bites you.
* * * LOW HITPOINT WARNING * * *
You are more poisoned.
The adder poisons you!
It was a potion of degeneration.
There was something very wrong with that liquid.
You feel weakened.
You feel dopey.
You feel clumsy.
* * * LOW HITPOINT WARNING * * *
You feel sick. The adder bites you.
* * * LOW HITPOINT WARNING * * *
You are more poisoned.
The adder poisons you!
It was a potion of cancellation.
You feel magically purged.
You die...

#.#.#......#..
#.#.#....#....
#.#†##.....#
#.#.##.....#
#.#.##.##.##
##.#.##.#
##..#..#.#
###..###.#S#
#...###...@#
#.###...####
#.....###
#######


You could see an adder.

Vanquished Creatures
  A gnoll (D:2)
  An adder (D:1)
  A worm (D:2)
  2 dart slugs (D:1)
  A ball python (D:2)
  3 endoplasms (D:1)
  2 giant cockroaches
  4 goblins (D:1)
  2 hobgoblins (D:1)
  2 kobolds (D:1)
  A quokka (D:1)
  5 bats (D:1)
  2 frilled lizards (D:1)
  3 rats (D:1)
30 creatures vanquished.

Notes
Turn   | Place    | Note
-------+----------+-------------------------------------------
     0 | D:1      | grandjackal the Ogre Warper began the quest for the Orb.
     0 | D:1      | Reached XP level 1. HP: 22/22 MP: 3/3
   186 | D:1      | Reached XP level 2. HP: 15/31 MP: 5/5
   360 | D:1      | Learned a level 2 spell: Blink
   610 | D:1      | Reached XP level 3. HP: 34/37 MP: 7/7
  1279 | D:2      | Reached XP level 4. HP: 48/48 MP: 8/8
  1333 | D:2      | HP: 2/48 [poisoned by an adder]
  1334 | D:2      | Succumbed to an adder's poison

Illustrated notes

Levels and vault maps discovered:
D:1:      reono_arrival_forest_river, layout_basic, minivault_19,
          minmay_misc_feat_rugged, hangedman_decor_peaks_small,
          hangedman_abyss_or_decor_lesser_grid, dreamdust_princess_bridge,
          reono_crystal_passage
D:2:      layout_loops_ring, serial_co_window_serial,
          co_window_of_opportunity_a, co_window_of_opportunity_a,
          co_window_of_opportunity_a, co_window_paths_a, co_window_corner_a,
          co_window_2corner, co_window_corner_ca, co_window_cross_4,
          co_window_2corner, co_window_2corner, co_window_4corner_b,
          glass_columns_b, glass_columns_a, glass_columns_a, uniq_terence

Skill      XL: |  1  2  3 |
---------------+----------+-----
Fighting       | 3 |  3.7
Maces & Flails | 2 |  2.0
Translocations | 3 |  3.2
Spellcasting   | 3 |  3.2
Throwing       | |  1.0
Dodging        | |  2.1

Action                     |  1- 3 |  4- 6 || total
---------------------------+-------+-------++-------
  Melee: Mace              |    88 |    13 ||   101
         Whip              |       |     4 ||     4
    Use: Potion            |       |     2 ||     2
   Stab: Sleeping          |     1 |       ||     1
 Armour: Robe              |    74 |    21 ||    95
  Dodge: Dodged            |    42 |     8 ||    50

Table legend: (Time is in decaauts)
 A = Elapsed time spent in this place.
 B = Non-inter-level travel time spent in this place.
 C = Inter-level travel time spent in this place.
 D = Time resting spent in this place.
 E = Time spent auto-exploring this place.
 F = Levels seen in this place.
 G = Mean time per level.
                   A        B        C        D        E       F      G
               +--------+--------+--------+--------+--------+-----+--------+
         Total |   1365 |   1321 |     44 |    354 |    673 |   2 |  682.5 |
       Dungeon |   1365 |   1321 |     44 |    354 |    673 |   2 |  682.5 |
               +--------+--------+--------+--------+--------+-----+--------+

Top non-repeatable levels by time:
     D:1: 1134 daAuts
     D:2: 231 daAuts
